 Dungeon Crawl Stone Soup version 0.30-a0-859-gf88a04b62d (webtiles) character file.

Game seed: 11856397094311697136

124 Ijustatesigmund the Conjurer (level 4, -7/24 HPs)
             Began as a Deep Elf Conjurer on Mar 6, 2023.
             Mangled by a kobold
             ... wielding a +1 whip of electrocution
              (19 damage)
             ... on level 4 of the Dungeon.
             The game lasted 00:04:26 (2931 turns).

Ijustatesigmund the Conjurer (Deep Elf Conjurer)    Turns: 2931, Time: 00:04:26

Health: -7/24      AC:  3    Str:  4    XL:     4   Next: 81%
Magic:  6/13       EV: 12    Int: 25    God:
Gold:   275        SH:  0    Dex: 13    Spells: 2/13 levels left

rFire   + . .      SeeInvis .    c - +1 short sword (elec)
rCold   . . .      Faith    .    (no shield)
rNeg    + . .      Spirit   .    a - +1 robe
rPois   .          Reflect  .    (no helmet)
rElec   .          Rampage  .    (no cloak)
rCorr   .                        (no gloves)
Will    .....                    (no boots)
Stlth   ++                       (no amulet)
HPRegen 0.24/turn                n - ring of positive energy
MPRegen 0.13/turn                r - ring of protection from fire

@: about to teleport
A: no striking features
a: no special abilities


You were on level 4 of the Dungeon.
You visited 1 branch of the dungeon, and saw 4 of its levels.

You collected 275 gold pieces.

Inventory:

Hand Weapons
 c - a +1 short sword of electrocution (weapon)
Armour
 a - a +1 robe (worn)
Magical Staves
 k - a staff of earth
Jewellery
 n - a ring of positive energy (left hand)
 r - a ring of protection from fire (right hand)
Wands
 t - a wand of flame (9)
Scrolls
 e - 2 scrolls of enchant armour
 o - a scroll of poison {unknown}
Potions
 b - a potion of magic
 d - a potion of might
 f - 2 potions of curing
 g - 2 potions of mutation
 m - a potion of attraction
 p - a potion of berserk rage {unknown}
 q - a potion of heal wounds {unknown}
 s - a potion of flight {unknown}


   Skills:
 + Level 0.9 Fighting
 - Level 2.4 Dodging
 - Level 2.4 Stealth
 + Level 5.1 Spellcasting
 - Level 5.3 Conjurations
 + Level 1.2 Translocations


You had 2 spell levels left.
You knew the following spells:

 Your Spells              Type           Power      Damage    Failure   Level
a - Magic Dart            Conj           100%       1d8       1%          1
b - Searing Ray           Conj           66%        2d6       1%          2
c - Iskenderun's Mystic   Conj/Tloc      23%        2d6       21%         4
d - Dispel Undead         Necr           6%         3d8       63%         4

Your spell library contained the following spells:

 Spells                   Type           Power      Damage    Failure   Level
 Cigotuvi's Dreadful Rot  Necr/Pois/Air  12%        N/A       12%         2
 Dazzling Flash           Conj/Hex       38%        N/A       9%          3
 Portal Projectile        Hex/Tloc       18%        N/A       19%         3
 Call Canine Familiar     Summ           6%         N/A       24%         3
 Fulminant Prism          Conj/Hex       9%         3d7       26%         4
 Leda's Liquefaction      Hex/Erth       3%         N/A       63%         4
 Death Channel            Necr           3%         N/A       100%        6


Dungeon Overview and Level Annotations

Branches:
Dungeon (4/15)
 Temple: D:4-7

Altars:
Zin

Annotations:
D:3 1 runed translucent door, TimeIsEndless's ghost, weakling OgWr


Message History

It was a scroll of noise.
You hear a shout!
You hear an angry hiss.
You hear a shout!
You hear a bark!
You hear a shout! x6; You hear an angry hiss.
A jelly comes into view.
Casting: Magic Dart (safe; 1% risk of failure)
Confirm with . or Enter, or press ? or * to list all spells.
Aiming: Searing Ray (safe; 1% risk of failure)
Press: ? - help, Shift-Dir - straight line, f - jelly
Aim: a jelly (100% to hit)
The searing ray hits the jelly.
The jelly is moderately wounded. (Press . to maintain the ray.)
The searing ray hits the jelly.
The jelly is severely wounded.
The jelly hits you.
You are splashed with acid!
Casting: Searing Ray (safe; 1% risk of failure)
Confirm with . or Enter, or press ? or * to list all spells.
Restarting spell: Searing Ray (safe; 1% risk of failure)
Press: ? - help, Shift-Dir - straight line, f/p - jelly
Aim: a jelly (severely wounded, 100% to hit)
The searing ray hits the jelly.
The jelly is almost dead. (Press . to maintain the ray.)
The jelly closely misses you.
The searing ray hits the jelly!
You kill the jelly!
A kobold comes into view.
It is wielding a +1 whip of electrocution.
Your Spellcasting skill increases to level 5!
Your Translocations skill increases to level 1!
A scorpion comes into view.
Found a book of Touch.
An ogre comes into view. It is wielding a +0 giant spiked club.
A kobold comes into view. It is wielding a +0 dagger.
As you read the scroll of teleportation, it crumbles to dust.
You feel strangely unstable.
The kobold throws a stone.
The stone barely misses you.
The kobold hits you with a +1 whip of electrocution.
You are electrocuted!!
Ouch! That really hurt!
You die...

..... #.#. ..
.... ..... ...
... ..... ...##..
...... ##..#..
###......
#...K..##.s......
#......##:.#..
#.##.K...## ..O
#.....@...# .
#...........#
#.......#.....
#.......#......
###............
##...........
#####.. ... #..


You could see a scorpion and 2 kobolds.

Vanquished Creatures
  A jelly (D:4)
  An adder (D:3)
  2 worms
  4 dart slugs
  5 ball pythons
  6 endoplasms
  6 giant cockroaches
  7 goblins
  4 hobgoblins
  6 jackals
  2 quokkas
  4 bats
  3 frilled lizards
  9 kobolds
  6 rats
66 creatures vanquished.

Vanquished Creatures (others)
  15 fungi (D:2)
15 creatures vanquished.

Grand Total: 81 creatures vanquished

Notes
Turn   | Place    | Note
-------+----------+-------------------------------------------
     0 | D:1      | Ijustatesigmund the Deep Elf Conjurer began the quest for
                  | the Orb.
     0 | D:1      | Reached XP level 1. HP: 10/10 MP: 6/6
   150 | D:1      | Reached XP level 2. HP: 15/15 MP: 5/8
   157 | D:1      | Learned a level 2 spell: Searing Ray
   607 | D:1      | Reached skill level 5 in Conjurations
   607 | D:1      | Reached XP level 3. HP: 19/19 MP: 8/10
  2168 | D:3      | Found a runed translucent door.
  2169 | D:3      | Noticed TimeIsEndless's ghost (weakling OgWr)
  2238 | D:3      | Found a glowing silver altar of Zin.
  2258 | D:3      | Reached XP level 4. HP: 24/24 MP: 8/12
  2296 | D:3      | Learned a level 4 spell: Iskenderun's Mystic Blast
  2301 | D:3      | Learned a level 4 spell: Dispel Undead
  2926 | D:4      | Reached skill level 5 in Spellcasting
  2926 | D:4      | Reached skill level 1 in Translocations
  2926 | D:4      | Noticed a scorpion
  2927 | D:4      | Noticed an ogre
  2931 | D:4      | Mangled by a kobold

Illustrated notes

Levels and vault maps discovered:
D:1:      minmay_arrival_plants_in_alcoves, layout_basic, st_stairs_12
D:2:      layout_rooms, serial_curves, eino_curves_02, eino_curves_03,
          dreamdust_mushroom_princess, kennysheep_generic_room_5
D:3:      layout_basic, mainiacjoe_overflow_six_doors_small,
          gammafunk_ghost_grave
D:4:      layout_cave_pools, serial_glass, glass_columns_a, glass_columns_a

Skill      XL: |  1  2  3  4 |
---------------+-------------+-----
Spellcasting   | 4 5 |  5.1
Conjurations   | 5 |  5.3
Translocations | 1 |  1.2
Fighting       | |  0.9
Dodging        | |  2.4
Stealth        | |  2.4

Action                     |  1- 3 |  4- 6 || total
---------------------------+-------+-------++-------
  Melee: Mace              |     6 |       ||     6
   Cast: Magic Dart        |   108 |    26 ||   134
         Searing Ray       |       |     2 ||     2
    Use: Scroll            |       |     9 ||     9
 Armour: Robe              |     1 |     1 ||     2
  Dodge: Dodged            |     9 |     3 ||    12

Table legend: (Time is in decaauts)
 A = Elapsed time spent in this place.
 B = Non-inter-level travel time spent in this place.
 C = Inter-level travel time spent in this place.
 D = Time resting spent in this place.
 E = Time spent auto-exploring this place.
 F = Levels seen in this place.
 G = Mean time per level.
                   A        B        C        D        E       F      G
               +--------+--------+--------+--------+--------+-----+--------+
         Total |   2930 |   2881 |     49 |    392 |   2184 |   4 |  732.5 |
       Dungeon |   2930 |   2881 |     49 |    392 |   2184 |   4 |  732.5 |
               +--------+--------+--------+--------+--------+-----+--------+

Top non-repeatable levels by time:
     D:2: 1234 daAuts
     D:1: 858 daAuts
     D:3: 791 daAuts
     D:4: 45 daAuts
